 Dungeon Crawl Stone Soup version 0.21.1-1-g345015f (webtiles) character file.

3616 grindst0ne the Skirmisher (level 10, -25/71 HPs)
             Began as an Octopode Wizard on Feb 21, 2018.
             Was a Believer of Zin.
             Annihilated by Exporg's ghost (34 damage)
             ... on level 8 of the Dungeon.
             The game lasted 00:24:36 (8074 turns).

grindst0ne the Skirmisher (Octopode Wizard)         Turns: 8074, Time: 00:24:37

Health: -25/71     AC:  3    Str:  9    XL:     10   Next: 11%
Magic:  23/23      EV: 11    Int: 21    God:    Zin [**....]
Gold:   284        SH:  9    Dex: 11    Spells: 12/15 levels left

rFire    . . .     SeeInvis .   L - +2 flail (crush)
rCold    + . .     Gourm    .   v - +0 shield
rNeg     + . .     Faith    .   i - +2 hat
rPois    .         Spirit   .   (no amulet)
rElec    .         Reflect  .   l - ring of positive energy
rCorr    .         Harm     .   A - ring of protection from cold
MR       .....                  J - ring of magical power
Stlth    +++.......             (no ring)
HPRegen  0.21/turn              (no ring)
MPRegen  0.18/turn              (no ring)
                                (no ring)
                                (no ring)

@: no status effects
A: almost no armour, stealthy swim, amphibious, 8 rings, constrict 8, camouflage
1, gelatinous body 1
a: Recite, Vitalisation, Donate Gold, Renounce Religion


You were on level 8 of the Dungeon.
You worshipped Zin.
Zin was pleased with you.
You were not hungry.

You visited 2 branches of the dungeon, and saw 9 of its levels.

You collected 315 gold pieces.
You donated 31 gold pieces to Zin.

Inventory:

Hand Weapons
 s - a +0 blowgun
 y - a +0 short sword of freezing
 E - a +0 whip of flaming
 G - a +0 war axe
 L - a +2 flail of crushing (weapon)
Missiles
 t - 18 poisoned needles
Armour
 i - a +2 hat (worn)
 v - a +0 shield (worn)
Jewellery
 l - a ring of positive energy (left tentacle)
 A - a ring of protection from cold (right tentacle)
 J - a ring of magical power (on tentacle)
Wands
 H - a wand of digging (8)
Scrolls
 a - a scroll of fog {unknown}
 d - a scroll of brand weapon {unknown}
 e - 2 scrolls of enchant armour
 f - 4 scrolls of fear
 h - 5 scrolls of teleportation
 x - a scroll of amnesia {unknown}
 z - 2 scrolls of blinking {unknown}
 D - a scroll of remove curse {unknown}
 K - 2 scrolls of immolation {unknown}
Potions
 g - a potion of invisibility
 j - 3 potions of brilliance
 k - a potion of haste
 m - 2 potions of agility
 o - 2 potions of flight
 r - a potion of might
 w - a potion of magic
 B - a potion of berserk rage {unknown}
 C - 2 potions of mutation {unknown}
 F - 2 potions of heal wounds {unknown}
Books
 b - a book of Minor Magic

   Spells                             Type                      Level
   a - Magic Dart                     Conjuration                  1
   b - Blink                          Translocation                2
   c - Call Imp                       Summoning                    2
   d - Slow                           Hexes                        2
   e - Conjure Flame                  Conjuration/Fire             3
   f - Mephitic Cloud                 Conjuration/Poison/Air       3
 n - a book of Cantrips

   Spells                             Type                      Level
   a - Confusing Touch                Hexes                        1
   b - Animate Skeleton               Necromancy                   1
   c - Summon Small Mammal            Summoning                    1
   d - Apportation                    Translocation                1
 I - a book of Flames

   Spells                             Type                      Level
   a - Flame Tongue                   Conjuration/Fire             1
   b - Throw Flame                    Conjuration/Fire             2
   c - Conjure Flame                  Conjuration/Fire             3
   d - Inner Flame                    Hexes/Fire                   3
   e - Sticky Flame                   Conjuration/Fire             4
   f - Fireball                       Conjuration/Fire             5
Comestibles
 c - 10 rations
 p - a chunk of flesh


   Skills:
 + Level 7.4 Fighting
 - Level 2.0 Dodging
 - Level 2.6 Stealth
 + Level 7.0 Shields
 - Level 3.0 Spellcasting
 - Level 3.0 Conjurations
   Level 1.0 Summonings
 + Level 6.4 Translocations
 + Level 3.2 Invocations
 - Level 6.1 Evocations


You had 12 spell levels left.
You knew the following spells:

 Your Spells              Type           Power        Failure   Level  Hunger
a - Magic Dart            Conj           ###.         11%         1    None
b - Blink                 Tloc           N/A          4%          2    ##.....


Dungeon Overview and Level Annotations

Branches:
Dungeon (8/15)             Temple (1/1) D:5
   Lair: D:8-11

Altars:
Ashenzari
Cheibriados
Dithmenos
Elyvilon
Fedhas
Gozag
Hepliaklqana
Kikubaaqudgha
Makhleb
Nemelex Xobeh
Okawaru
Qazlal
Ru
Sif Muna
Trog
Uskayaw
Wu Jian
Yredelemnul
Zin

Annotations:
D:6 exclusion: downstairs
D:8 Exporg's ghost, novice TrBe; Maurice


Innate Abilities, Weirdness & Mutations

You cannot wear most types of armour.
You are very stealthy in the water. (Stealth+)
You are amphibious.
You can wear up to eight rings at the same time.
You can use your tentacles to constrict eight enemies at once.
Your skin changes colour to match your surroundings (Stealth+).
Your rubbery body absorbs attacks. (AC +1, EV +1)


Message History

Exporg's ghost is nearby!
Maurice the Thief comes into view.
He is wielding a dagger.
Maurice shouts!
You see here a scroll of fear.
f - 4 scrolls of fear (gained 1) Exporg's ghost wails.
Maurice gestures wildly while chanting.
Maurice flickers and vanishes!
Deactivating autopickup; reactivate with Ctrl-A.
You hear a zap.
Something tries to affect you, but you resist.
Things that are here:
a dagger; a robe; an orc corpse
There is a stone staircase leading up, spattered with blood here.
Evoke which item? (* to show all) (? for menu, Esc to quit)
Okay, then.
You barely miss Exporg's ghost. Exporg's ghost hits you!! x2
* * * LOW HITPOINT WARNING * * *
Exporg's ghost hits you!!
You die...

#........#####
#........'....
###........#
#..........#
#.....########
+.....'.......
#....)########
#....)W#
#.....@#
######.# #+#


You could see Exporg's ghost.

Vanquished Creatures
  Pikel (D:5)
  Prince Ribbit (D:6)
  Eustachio (D:6)
  2 hungry ghosts (D:7)
  The ghost of anp the Insei, an amateur GnTm of Xom (D:3)
  Edmund (D:6)
  3 ice beasts (D:7)
  An orc warrior (D:7)
  A sky beast (D:6)
  A phantom (D:7)
  4 ogres
  A crocodile (D:6)
  A bullfrog (D:6)
  A scorpion (D:5)
  3 howler monkeys
  3 crimson imps
  A bullfrog zombie (D:5)
  2 hounds
  2 jellies
  A centaur zombie (D:6)
  2 orc priests (D:7)
  7 orc wizards
  A bullfrog skeleton (D:7)
  2 iguanas
  Ijyb (D:3)
  7 worker ants
  A worker ant zombie (D:5)
  7 gnolls
  6 adders
  2 howler monkey skeletons
  2 shadow imps
  4 oozes
  2 worms
  4 dart slugs
  2 leopard geckos
  13 orcs
  3 ball pythons
  4 giant cockroaches
  7 hobgoblins
  25 jackals
  4 quokkas
  9 bats
  6 frilled lizards
  6 goblins
  11 kobolds
  5 rats
175 creatures vanquished.

Vanquished Creatures (others)
  A howler monkey (D:5)
  A worker ant (D:8)
2 creatures vanquished.

Grand Total: 177 creatures vanquished

Notes
Turn   | Place    | Note
-------+----------+-------------------------------------------
     0 | D:1      | grindst0ne the Octopode Wizard began the quest for the Orb.
     0 | D:1      | Reached XP level 1. HP: 11/11 MP: 4/4
   106 | D:1      | Reached XP level 2. HP: 11/17 MP: 0/6
   561 | D:1      | Reached XP level 3. HP: 10/21 MP: 1/7
   809 | D:1      | Learned a level 2 spell: Blink
  1379 | D:2      | Reached skill level 1 in Fighting
  1425 | D:2      | Reached XP level 4. HP: 28/28 MP: 5/8
  1674 | D:3      | Noticed Ijyb
  1674 | D:3      | Noticed anp's ghost (amateur GnTm)
  1680 | D:3      | Killed Ijyb
  1927 | D:3      | Reached XP level 5. HP: 34/34 MP: 3/9
  2621 | D:3      | Killed anp's ghost
  2621 | D:3      | Reached skill level 1 in Shields
  2621 | D:3      | Reached XP level 6. HP: 20/41 MP: 0/10
  3796 | D:4      | Reached XP level 7. HP: 33/46 MP: 11/11
  4108 | D:5      | Entered Level 5 of the Dungeon
  4113 | D:5      | Reached skill level 5 in Translocations
  4127 | D:5      | Reached skill level 1 in Evocations
  4466 | D:5      | Noticed Pikel
  4482 | D:5      | Killed Pikel
  4482 | D:5      | Reached XP level 8. HP: 38/54 MP: 12/12
  4610 | D:5      | Found a staircase to the Ecumenical Temple.
  4619 | D:5      | Reached skill level 5 in Fighting
  4689 | Temple   | Entered the Ecumenical Temple
  4878 | Temple   | Became a worshipper of Zin the Law-Giver
  4878 | Temple   | Reached * piety under Zin
  5028 | D:5      | Found a burning altar of Makhleb.
  5481 | D:6      | HP: 1/56 [ogre/giant club (15)]
  5482 | D:6      | Reached skill level 5 in Shields
  5482 | D:6      | Reached skill level 5 in Evocations
  5820 | D:6      | Reached ** piety under Zin
  5837 | D:6      | Noticed Prince Ribbit
  5862 | D:6      | Reached XP level 9. HP: 58/62 MP: 13/13
  5910 | D:6      | Killed Prince Ribbit
  6089 | D:6      | Found a blossoming altar of Fedhas.
  6183 | D:6      | Noticed Edmund
  6197 | D:6      | Killed Edmund
  6281 | D:6      | Noticed Eustachio
  6299 | D:6      | Killed Eustachio
  6617 | D:7      | Found a sacrificial altar of Ru.
  6622 | D:7      | Reached skill level 1 in Invocations
  7396 | D:7      | Found a shattered altar of Ashenzari.
  7467 | D:7      | Reached XP level 10. HP: 43/71 MP: 14/14
  8063 | D:8      | Noticed Exporg's ghost (novice TrBe)
  8064 | D:8      | Noticed Maurice
  8074 | D:8      | Annihilated by Exporg's ghost

Skill      XL: |  1  2  3  4  5  6  7  8  9 10 |
---------------+-------------------------------+-----
Conjurations   | 2 3 |  3.0
Fighting       | 1 2 3 4 5 7 |  7.4
Translocations | 3 4 5 6 |  6.4
Shields        | 1 2 4 5 6 7 |  7.0
Evocations     | 3 5 6 |  6.1
Invocations    | 2 3 |  3.2
Dodging        | |  2.0
Stealth        | |  2.6
Spellcasting   | |  3.0
Summonings     | |  1.0

Action                   |  1- 3 |  4- 6 |  7- 9 | 10-12 || total
-------------------------+-------+-------+-------+-------++-------
Melee: Dagger            |    77 |    80 |       |       ||   157
       Constrict         |    19 |    25 |    35 |     5 ||    84
       Tentacles         |     6 |    21 |    35 |     3 ||    65
       Short sword       |       |    22 |   130 |       ||   152
       Flail             |       |       |   103 |    27 ||   130
 Cast: Magic Dart        |    53 |    68 |   109 |    12 ||   242
Evoke: Wand              |       |     8 |    14 |     2 ||    24
  Use: Scroll            |       |     6 |     2 |     2 ||    10
       Potion            |       |     3 |     2 |       ||     5
 Stab: Sleeping          |     4 |     3 |     3 |     4 ||    14
       Invisible         |       |       |     1 |       ||     1
  Eat: Chunk             |     2 |     7 |    16 |     2 ||    27
Armor: Skin              |    12 |    20 |    32 |     4 ||    68
Dodge: Dodged            |    67 |    68 |   126 |    12 ||   273
Block: Shield            |       |       |    83 |    15 ||    98
